 Dungeon Crawl Stone Soup version 0.31-a0-152-g6aa68a64a1 (webtiles) character file.

Game seed: 12997681267598043678

326 FIREandBLOOD the Shooter (level 6, 33/33 HPs)
             Began as a Deep Elf Hexslinger on Apr 14, 2023.
             Quit the game on level 4 of the Dungeon on June 10, 2023.
             The game lasted 00:27:52 (4334 turns).

FIREandBLOOD the Shooter (Deep Elf Hexslinger)      Turns: 4334, Time: 00:27:52

Health: 33/33      AC:  5    Str:  7    XL:     6   Next: 24%
Magic:  14/14      EV: 12    Int: 20    God:
Gold:   73         SH:  0    Dex: 15    Spells: 10/13 levels left

rFire   . . .        a - +1 sling
rCold   . . .        (no shield)
rNeg    . . .        u - +0 robe {Will+}
rPois   .            (no helmet)
rElec   .            (no cloak)
rCorr   .            h - +2 pair of gloves
SInv    .            (no boots)
Will    +....        (no amulet)
Stlth   +            (no ring)
HPRegen 0.25/turn    (no ring)
MPRegen 0.14/turn

%: no passive effects
@: no status effects
A: no striking features
a: no special abilities


You were on level 4 of the Dungeon.
You visited 1 branch of the dungeon, and saw 4 of its levels.

You collected 216 gold pieces.
You spent 143 gold pieces at shops.

Inventory:

Hand Weapons
 a - a +1 sling (weapon)
 e - a +0 dagger
Missiles
 j - 4 poisoned darts
Armour
 c - a +0 robe
 h - a +2 pair of gloves (worn)
 s - a +1 helmet
 u - a +0 robe of willpower (worn)
Wands
 o - a wand of charming (12)
Scrolls
 b - 2 scrolls of poison
 f - 2 scrolls of fog {unknown}
 g - 2 scrolls of fear {unknown}
 k - 2 scrolls of amnesia {unknown}
 l - 2 scrolls of silence {unknown}
 m - 2 scrolls of teleportation {unknown}
 p - a scroll of immolation {unknown}
 r - a scroll of acquirement {unknown}
 w - 2 scrolls of identify {unknown}
Potions
 d - a potion of berserk rage {unknown}
 i - 2 potions of heal wounds
 n - 2 potions of resistance {unknown}
 q - a potion of invisibility {unknown}
 t - 2 potions of cancellation {unknown}
 v - a potion of curing


   Skills:
 - Level 0.7 Fighting
 - Level 6.2 Ranged Weapons
 - Level 2.4 Dodging
 + Level 4.2 Spellcasting
 * Level 5.0 Hexes
 - Level 2.5 Poison Magic


You had 10 spell levels left.
You knew the following spells:

 Your Spells              Type           Power      Damage    Failure   Level
a - Slow                  Hex            96%        N/A       1%          1
b - Poisonous Vapours     Pois/Air       18%        N/A       11%         2

Your spell library contained the following spells:

 Spells                   Type           Power      Damage    Failure   Level
 Tukima's Dance           Hex            24%        N/A       4%          3
 Summon Small Mammal      Summ           16%        N/A       13%         1
 Inner Flame              Hex/Fire       14%        N/A       14%         3
 Portal Projectile        Hex/Tloc       28%        N/A       14%         3
 Summon Guardian Golem    Hex/Summ       14%        N/A       14%         3
 Cause Fear               Hex            12%        N/A       16%         4
 Mephitic Cloud           Conj/Pois/Air  7%         N/A       26%         3
 Call Canine Familiar     Summ           4%         N/A       36%         3
 Passage of Golubria      Tloc           4%         N/A       77%         4
 Silence                  Hex/Air        7%         N/A       77%         5
 Blade Hands              Tmut           2%         N/A       98%         5
 Freezing Cloud           Conj/Ice/Air   2%         6-21      98%         5
 Lehudib's Crystal Spear  Conj/Erth      2%         10d2      100%        8


Dungeon Overview and Level Annotations

Branches:
Dungeon (4/15)
 Temple: D:4-7

Altars:
Kikubaaqudgha
Trog
Yredelemnul

Shops:
D:1 !

Annotations:
D:4 4 transporters, Darkkill's ghost, amateur MiHu; Menkaure


Message History

Fire: a) +1 sling
Press: ? - help, Q - select action, (/) - cycle Shift-Dir - straight line, f/p - hobgoblin
Aim: a hobgoblin, wearing a +0 ring mail (64% to hit)
You shoot a sling bullet. The sling bullet hits the hobgoblin.
You kill the hobgoblin!
Fire: a) +1 sling
Press: ? - help, Q - select action, (/) - cycle Shift-Dir - straight line, f - you
Okay, then.
Found a scroll labelled TEAZUB DAOTHONWEIP.
Menkaure shouts!
Menkaure's bandages flutter.
w - 2 scrolls labelled TEAZUB DAOTHONWEIP (gained 1) Menkaure forgets how to speak, silenced by the ages.
Menkaure grins.
There is a transporter landing site here.
You see here a +0 ring mail.
Darkkill's ghost turns its malevolent gaze towards you.
There is an open door here.
There is an open door here.
Found a transporter.
Darkkill's ghost turns its malevolent gaze towards you.
There is an open door here.
Menkaure shouts!
You enter the shallow water.
Moving in this stuff is going to be slow.
You enter the shallow water.
Moving in this stuff is going to be slow.
There is an open door here.
There is a shaft here.
Partly explored, unvisited transporter and can't reach some places.
Partly explored, unvisited transporter and can't reach some places.
Partly explored, unvisited transporter and can't reach some places.
Save game and exit?
Level annotation: 4 transporters, Darkkill's ghost, amateur MiHu; Menkaure Welcome back, FIREandBLOOD the Deep Elf Hexslinger.
Press ? for a list of commands and other information.
Unknown command.
Are you sure you want to abandon this character and quit the game? (Confirm with "yes".)
Okay, then.
Are you sure you want to abandon this character and quit the game? (Confirm with "yes".)

....# ###.# ..#♣♣ #
..#♣♣ P♣ .♣♣.## ###
##P♣ ..♣♣.###~###P♣
.♣♣P♣..♣~♣..♣.
.♣♣.♣♣.~~.♣♣P♣.♣♣###
.♣.♣♣P♣♣~~♣P♣♣♣P@..#
.P♣ ♣♣♣~~♣♣♣PP♣♣♣#.#
.♣♣♣ ♣~~~P♣ ♣.♣♣#.#
.♣P♣ ♣♣~~~♣♣♣♣.♣#.#
..♣♣ ♣♣~~~.♣ ♣♣...#
...♣ ♣♣.~~~♣♣ #.###
...♣♣♣..~~~♣ #.#
#...♣..♣~≈~♣ #^#
#........### #.#


There were no monsters in sight!

Vanquished Creatures
  A black bear (D:4)
  A scorpion (D:4)
  Ijyb (D:3)
  2 orc wizards (D:3)
  2 adders
  An ufetubus (D:3)
  A worm (D:2)
  5 dart slugs
  5 orcs
  5 ball pythons (D:3)
  8 endoplasms
  A giant cockroach (D:3)
  7 goblins
  6 hobgoblins
  4 kobolds
  A quokka (D:4)
  3 bats
  3 frilled lizards
  5 rats
62 creatures vanquished.

Notes
Turn   | Place    | Note
-------+----------+-------------------------------------------
     0 | D:1      | FIREandBLOOD the Deep Elf Hexslinger began the quest for
                  | the Orb.
     0 | D:1      | Reached XP level 1. HP: 11/11 MP: 5/5
    56 | D:1      | Found Pofap's Distillery.
    85 | D:1      | Reached skill level 3 in Ranged Weapons
   258 | D:1      | Reached XP level 2. HP: 16/16 MP: 6/6
   343 | D:1      | Learned a level 2 spell: Poisonous Vapours
   530 | D:2      | Found a bloodstained altar of Trog.
   618 | D:2      | Reached skill level 4 in Ranged Weapons
  1036 | D:2      | Reached XP level 3. HP: 20/20 MP: 8/8
  1384 | D:3      | Noticed Ijyb
  1401 | D:3      | Killed Ijyb
  1402 | D:3      | Reached skill level 1 in Poison Magic
  1825 | D:3      | Reached skill level 5 in Ranged Weapons
  1825 | D:3      | Reached XP level 4. HP: 20/24 MP: 1/9
  2550 | D:4      | Noticed Menkaure
  2550 | D:4      | Found a basalt altar of Yredelemnul.
  2550 | D:4      | Found an ancient bone altar of Kikubaaqudgha.
  2554 | D:4      | Noticed a black bear
  2791 | D:4      | Found a transporter.
  2792 | D:4      | Noticed a necrophage
  2796 | D:4      | Found a transporter.
  2895 | D:1      | Bought a potion of curing for 39 gold pieces
  2895 | D:1      | Bought a potion of heal wounds for 65 gold pieces
  2895 | D:1      | Bought a potion of lignification for 39 gold pieces
  3066 | D:4      | Found a transporter.
  3085 | D:4      | Noticed Darkkill's ghost (amateur MiHu)
  3218 | D:4      | Killed a black bear
  3219 | D:4      | Reached skill level 6 in Ranged Weapons
  3219 | D:4      | Reached XP level 5. HP: 28/28 MP: 2/12
  3754 | D:4      | Reached XP level 6. HP: 33/33 MP: 8/14
  3828 | D:4      | Reached skill level 5 in Hexes
  4215 | D:4      | Found a transporter.
  4334 | D:4      | Upgraded the game from 0.30-a0-1074-g5db6f66fbb to
                  | 0.31-a0-152-g6aa68a64a1
  4334 | D:4      | Quit the game

Illustrated notes

Levels and vault maps discovered:
D:1:      wander_arrival_desolate, layout_rooms, serial_shops, shop_fountains,
          corexii_hall_statues_x
D:2:      layout_basic, basic_altar
D:3:      layout_loops_cross, uniq_ijyb
D:4:      layout_basic, gammafunk_temple_of_torment, gammafunk_ghost_mausoleum,
          wad_woods_river_04, st_stairs_11

Skill      XL: |  1  2  3  4  5  6 |
---------------+-------------------+-----
Ranged Weapons | 3 4 5 6 |  6.2
Spellcasting   | 2 3 4 |  4.2
Poison Magic   | 1 2 |  2.5
Hexes          | 5 |  5.0
Fighting       | |  0.7
Dodging        | |  2.4

Action                     |  1- 3 |  4- 6 || total
---------------------------+-------+-------++-------
   Fire: Sling             |    70 |   100 ||   170
   Cast: Slow              |    20 |    12 ||    32
         Poisonous Vapours |     7 |    21 ||    28
    Use: Potion            |       |     3 ||     3
 Armour: Robe              |     4 |    16 ||    20
         Skin              |       |    23 ||    23
  Dodge: Dodged            |     4 |    39 ||    43

Table legend: (Time is in decaauts)
 A = Elapsed time spent in this place.
 B = Non-inter-level travel time spent in this place.
 C = Inter-level travel time spent in this place.
 D = Time resting spent in this place.
 E = Time spent auto-exploring this place.
 F = Levels seen in this place.
 G = Mean time per level.
                   A        B        C        D        E       F      G
               +--------+--------+--------+--------+--------+-----+--------+
         Total |   4385 |   3836 |    549 |    464 |   2146 |   4 | 1096.2 |
       Dungeon |   4385 |   3836 |    549 |    464 |   2146 |   4 | 1096.2 |
               +--------+--------+--------+--------+--------+-----+--------+

Top non-repeatable levels by time:
     D:3: 1706 daAuts
     D:4: 1173 daAuts
     D:2: 977 daAuts
     D:1: 527 daAuts
